 Dungeon Crawl Stone Soup version 0.29-a0-284-gf9362112df (webtiles) character file.

Game seed: 13438098190456936945

98 sizableburger the Insei (level 4, 0/26 HPs)
             Began as a Deep Elf Transmuter on Mar 30, 2022.
             Killed by divine providence
             ... invoked by an orc priest
              (10 damage)
             ... on level 4 of the Dungeon.
             The game lasted 00:06:59 (3371 turns).

sizableburger the Insei (Deep Elf Transmuter)       Turns: 3371, Time: 00:07:00

Health: 0/26       AC:  2    Str:  9    XL:     4   Next: 44%
Magic:  7/10       EV: 21    Int: 18    God:
Gold:   150        SH:  0    Dex: 26    Spells: 5/9 levels left

rFire   . . .      SeeInvis .     - Unarmed
rCold   . . .      Faith    .   (shield currently unavailable)
rNeg    . . .      Spirit   .   (body armour currently unavailable)
rPois   x          Reflect  .   (helmet currently unavailable)
rElec   .          Harm     .   (cloak currently unavailable)
rCorr   .          Rampage  .   (gloves currently unavailable)
Will    .....                   (boots currently unavailable)
Stlth   ++........              (no amulet)
HPRegen 0.08/turn               m - ring of wizardry
MPRegen 0.12/turn               r - +6 ring of dexterity

@: spider-form (expiring)
A: venomous fangs, tiny
a: End Transformation


You were on level 4 of the Dungeon.
You were a venomous arachnid creature.
You visited 1 branch of the dungeon, and saw 4 of its levels.

You collected 150 gold pieces.

Inventory:

Missiles
 l - 102 stones (quivered)
Armour
 a - a +0 robe (melded)
 f - a +0 pair of boots (melded)
Jewellery
 m - a ring of wizardry (left front leg)
 r - a +6 ring of dexterity (right front leg)
 t - a ring of resist corrosion
Wands
 q - a wand of charming (7)
Scrolls
 d - a scroll of noise {unknown}
 e - a scroll of torment {unknown}
 h - 4 scrolls of identify {unknown}
 k - a scroll of vulnerability {unknown}
 n - a scroll of teleportation {unknown}
 o - a scroll of fog {unknown}
 p - a scroll of enchant weapon {unknown}
 s - a scroll of amnesia {unknown}
Potions
 b - 2 potions of lignification
 c - 3 potions of curing {unknown}
 g - a potion of brilliance {unknown}
 i - a potion of heal wounds {unknown}
 j - 3 potions of degeneration {unknown}


   Skills:
 + Level 2.0 Fighting
 - Level 2.9 Dodging
 + Level 3.2 Unarmed Combat
 - Level 3.0 Spellcasting
 - Level 2.5 Transmutations
 + Level 1.5 Poison Magic


You had 5 spell levels left.
You knew the following spells:

 Your Spells              Type           Power      Damage    Failure   Level
a - Beastly Appendage     Tmut           22%        N/A       7%          1
b - Spider Form           Tmut/Pois      9%         N/A       19%         3

Your spell library contained the following spells:

 Spells                   Type           Power      Damage    Failure   Level
 Wereblood                Tmut           11%        N/A       9%          2
 Ice Form                 Ice/Tmut       7%         N/A       52%         4


Dungeon Overview and Level Annotations

Branches:
Dungeon (4/15)
 Temple: D:4-7

Altars:
Gozag

Shops:
D:3 (

Annotations:
D:3 1 runed translucent door, IdlyInterested's ghost, amateur DsGl


Message History

You hit the orc.
The orc looks even sicker.
The orc is almost dead.
The orc closely misses you. x2
You hit the orc but do no damage.
The orc looks as sick as possible!
The orc is heavily wounded.
You kill the orc! x2
You start resting.
Your transformation has ended.
Your +0 pair of boots unmelds from your body.
Your +0 robe unmelds from your body.
You start resting.
Magic restored.
You start resting.
HP restored.
Casting: Spider Form (quite dangerous; 9% risk of failure)
Confirm with . or Enter, or press ? or * to list all spells.
The spell is quite dangerous to miscast (9% risk of failure)!
Continue anyway?
You turn into a venomous arachnid creature.
Your +0 pair of boots melds into your body.
Your +0 robe melds into your body.
Your transformation is almost over.
You climb downwards.
The orc priest invokes the aid of Beogh against you.
Beogh smites you!
There is a stone staircase leading up here.
You barely miss the orc priest.
The orc priest hits you with a +0 flail.
You hit the orc priest.
The orc priest is poisoned.
The orc priest is moderately wounded.
The orc priest closely misses you.
You hit the orc priest but do no damage.
The orc priest looks as sick as possible!
The orc priest is moderately wounded.
The orc priest hits you with a +0 flail.
You hit the orc priest but do no damage.
The orc priest looks as sick as possible!
The orc priest is moderately wounded.
The orc priest calls down the wrath of Beogh upon you.
Beogh smites you!
You die...

.........#
.....o...###
.#######...#
.# ###.# .#
#.############
†#
#.#..........#
o###
#............#
...#
##...........#
.#.#
##..)os.....#
...#
#.....<÷...#
.......#
#..........#
#..###.#
#.....[....#
..#
#..........#
..#
#..........#
..#
.........####
#.#
##........# ..
#........#


You could see an orc priest (extremely poisoned).

Vanquished Creatures
  An iguana (D:3)
  2 adders
  2 worms
  3 orcs
  2 endoplasms (D:2)
  A giant cockroach (D:2)
  5 goblins
  A hobgoblin (D:1)
  3 jackals (D:3)
  3 quokkas
  8 ball pythons
  3 bats
  2 frilled lizards
  6 kobolds
  5 rats
47 creatures vanquished.

Vanquished Creatures (others)
  A plant (D:1)
1 creature vanquished.

Grand Total: 48 creatures vanquished

Notes
Turn   | Place    | Note
-------+----------+-------------------------------------------
     0 | D:1      | sizableburger the Deep Elf Transmuter began the quest for
                  | the Orb.
     0 | D:1      | Reached XP level 1. HP: 11/11 MP: 6/6
   280 | D:1      | Reached skill level 1 in Fighting
   361 | D:1      | Reached XP level 2. HP: 12/16 MP: 6/8
  1593 | D:2      | Reached XP level 3. HP: 18/20 MP: 7/9
  1610 | D:2      | Learned a level 3 spell: Spider Form
  1758 | D:2      | Found a faded altar of an unknown god.
  2338 | D:3      | Found Wanaf's Antique Weapon Boutique.
  2540 | D:3      | Found an opulent altar of Gozag.
  2593 | D:3      | Found a runed translucent door.
  2595 | D:3      | Noticed IdlyInterested's ghost (amateur DsGl)
  2641 | D:3      | Reached skill level 1 in Poison Magic
  2641 | D:3      | Reached XP level 4. HP: 26/26 MP: 6/10
  3371 | D:4      | Killed from afar by an orc priest

Illustrated notes

Levels and vault maps discovered:
D:1:      kennysheep_arrival_seaside, layout_rooms
D:2:      layout_rooms, dreamdust_ecumenical_altar_angels_and_demons
D:3:      layout_basic, old_standard_altar, hellmonk_ghost_happy_afterlife,
          serial_shops, nicolae_shop_behind_doors
D:4:      layout_rooms, kennysheep_crisscross, kennysheep_generic_room_4,
          uniq_edmund

Skill      XL: |  1  2  3 |
---------------+----------+-----
Fighting       | 1 2 |  2.0
Unarmed Combat | 3 |  3.2
Poison Magic   | 1 |  1.5
Dodging        | |  2.9
Spellcasting   | |  3.0
Transmutations | |  2.5

Action                   |  1- 3 |  4- 6 || total
-------------------------+-------+-------++-------
Melee: Unarmed           |    96 |    19 ||   115
       Kick              |    14 |       ||    14
       Headbutt          |    10 |       ||    10
Throw: Stone             |    13 |       ||    13
 Cast: Beastly Appendage |    21 |       ||    21
       Spider Form       |     9 |     4 ||    13
 Stab: Sleeping          |     2 |     1 ||     3
Armor: Robe              |    16 |       ||    16
       Skin              |     1 |     1 ||     2
Dodge: Dodged            |    73 |    18 ||    91

Table legend: (Time is in decaauts)
 A = Elapsed time spent in this place.
 B = Non-inter-level travel time spent in this place.
 C = Inter-level travel time spent in this place.
 D = Time resting spent in this place.
 E = Time spent auto-exploring this place.
 F = Levels seen in this place.
 G = Mean time per level.
                   A        B        C        D        E       F      G
               +--------+--------+--------+--------+--------+-----+--------+
         Total |   3373 |   3297 |     76 |    832 |   1966 |   4 |  843.2 |
       Dungeon |   3373 |   3297 |     76 |    832 |   1966 |   4 |  843.2 |
               +--------+--------+--------+--------+--------+-----+--------+

Top non-repeatable levels by time:
     D:1: 1296 daAuts
     D:3: 1284 daAuts
     D:2: 652 daAuts
     D:4: 140 daAuts
